 Dungeon Crawl Stone Soup version 0.31-a0-232-gb1c03b2570 (webtiles) character file.

Game seed: 6544236488217779160

127 qw the Shooter (level 5, -5/30 HPs)
             Began as a Gargoyle Hexslinger on July 6, 2023.
             Slain by a black bear (6 damage)
             ... on level 3 of the Dungeon.
             The game lasted 00:00:42 (2005 turns).

qw the Shooter (Gargoyle Hexslinger)                Turns: 2005, Time: 00:00:43

Health: -5/30      AC:  8    Str: 12    XL:     5   Next: 11%
Magic:  6/6        EV: 12    Int: 13    God:
Gold:   65         SH:  0    Dex: 14    Spells: 5/6 levels left

rFire   . . .        Y - +1 sling
rCold   + . .        (no shield)
rNeg    + . .        c - +2 robe {rC+}
rPois   inf          (no helmet)
rElec   +            (no cloak)
rCorr   .            (no gloves)
SInv    .            (no boots)
Will    .....        (no amulet)
Stlth   +            (no ring)
HPRegen 0.25/turn    (no ring)
MPRegen 0.10/turn

%: no passive effects
@: about to teleport
A: sickness immunity, AC +4, negative energy resistance 1, electricity
resistance, torment resistance 1, petrification resistance
a: no special abilities


You were on level 3 of the Dungeon.
You visited 1 branch of the dungeon, and saw 3 of its levels.

You collected 65 gold pieces.


Innate Abilities, Weirdness & Mutations

You are immune to sickness and miasma.
Your stone body is resilient. (AC +4)
You are immune to poison.
You resist negative energy. (rN+)
You are resistant to electric shocks. (rElec)
You are resistant to unholy torment.
You are immune to petrification.


   Skills:
 - Level 2.0 Fighting
 + Level 4.7 Ranged Weapons
 - Level 1.0 Armour
 - Level 1.5 Dodging
 - Level 1.0 Spellcasting
 - Level 2.6 Hexes


You had 5 spell levels left.
You knew the following spells:

 Your Spells              Type           Power      Damage    Failure   Level
a - Slow                  Hex            28%        N/A       10%         1

Your spell library contained the following spells:

 Spells                   Type           Power      Damage    Failure   Level
 Inner Flame              Hex/Fire       4%         N/A       43%         3
 Portal Projectile        Hex/Tloc       8%         N/A       43%         3
 Cause Fear               Hex            3%         N/A       67%         4

Inventory:

Hand Weapons
 Y - a +1 sling (weapon)
Armour
 c - a +2 robe of cold resistance (worn)
Scrolls
 e - a scroll of identify
 g - 2 scrolls of teleportation
Potions
 a - a potion of berserk rage {unknown}
 b - a potion of magic {unknown}
 d - a potion of attraction {unknown}
 f - a potion of cancellation {unknown}
 h - a potion of curing {unknown}
 i - a potion of brilliance {unknown}
 j - a potion of ambrosia {unknown}
 m - a potion of might {unknown}

Dungeon Overview and Level Annotations

Branches:
Dungeon (3/15)

Altars:


Message History

The black bear is moderately wounded.
You shoot a sling bullet. The sling bullet hits the black bear.
The black bear is heavily wounded.
You shoot a sling bullet.
The sling bullet closely misses the black bear.
The black bear barely misses you.
The black bear claws you but does no damage. x2
The black bear bites you. The black bear claws you.
The black bear claws you but does no damage.
You shoot a sling bullet. The sling bullet hits the black bear.
The black bear is heavily wounded.
The black bear barely misses you.
The black bear claws you but does no damage.
The black bear barely misses you.
You shoot a sling bullet.
The sling bullet barely misses the black bear.
The black bear misses you. The black bear barely misses you. x2
You shoot a sling bullet.
The sling bullet barely misses the black bear.
The black bear barely misses you.
The black bear claws you but does no damage.
The black bear claws you.
You shoot a sling bullet. The sling bullet hits the black bear.
The black bear is severely wounded.
The black bear bites you but does no damage.
The black bear claws you but does no damage. x2
You shoot a sling bullet. The sling bullet hits the black bear!
The black bear is almost dead.
The black bear goes berserk!
You shoot a sling bullet. The sling bullet hits the black bear.
The black bear is almost dead.
The black bear bites you! The black bear claws you.
The black bear barely misses you. The black bear bites you!
The black bear misses you. The black bear barely misses you.
2005 ||| READING 3 scrolls of teleportation.
As you read the scroll of teleportation, it crumbles to dust.
You feel strangely unstable. The black bear closely misses you.
The black bear claws you. x2
The black bear bites you. The black bear claws you.
You die...

#.....#
.###../..###
...........>#
#..###.#.##.##
.............######
###.##.#...........
# #.#.....#####
#.####...####..#
#.......@.......
######.##h...8..
#.# ..8...8 #.#
....... ... .8.....
#.# (...... #.#
..8...8 .. ....8..


You could see a black bear (berserk).

Vanquished Creatures
  Jessica (D:2)
  3 gnolls (D:2)
  2 adders (D:2)
  3 worms
  2 dart slugs
  5 endoplasms
  2 giant cockroaches (D:2)
  5 goblins
  2 hobgoblins (D:1)
  3 jackals (D:1)
  A quokka (D:2)
  2 ball pythons (D:1)
  3 bats (D:1)
  2 frilled lizards (D:1)
  2 kobolds
  5 rats (D:1)
43 creatures vanquished.

Notes
Turn   | Place    | Note
-------+----------+-------------------------------------------
     0 | D:1      | qw the Gargoyle Hexslinger began the quest for the Orb.
     0 | D:1      | Reached XP level 1. HP: 12/12 MP: 2/2
     0 | D:1      | 0 ||| qw: Version: 0.3-a-46-gb1f654a
     0 | D:1      | 0 ||| qw: Game counter: 1950
     0 | D:1      | 0 ||| qw: Melee chars always use a shield: true
     0 | D:1      | 0 ||| qw: God list: Okawaru
     0 | D:1      | 0 ||| qw: Allow faded altars: false
     0 | D:1      | 0 ||| qw: Do Orc after clearing Dungeon:15 true
     0 | D:1      | 0 ||| qw: Do second Lair branch before Depths: true
     0 | D:1      | 0 ||| qw: Lair rune preference: random
     0 | D:1      | 0 ||| qw: Goals: Normal
     0 | D:1      | 0 ||| PLANNING D:1-11
   114 | D:1      | Reached XP level 2. HP: 16/16 MP: 3/3
   315 | D:1      | Reached skill level 3 in Ranged Weapons
   568 | D:1      | Reached XP level 3. HP: 20/21 MP: 4/4
   688 | D:1      | You fall into a shaft and drop 1 floor!
   697 | D:2      | Noticed a floating eye
   701 | D:2      | Found a faded altar of an unknown god.
   703 | D:2      | Noticed a floating eye
   717 | D:2      | Noticed a great orb of eyes
   727 | D:2      | Noticed a great orb of eyes
   735 | D:2      | 735 ||| UPGRADING to +0 ring mail.
   745 | D:2      | 745 ||| DROPPING +0 robe.
   746 | D:2      | 746 ||| READING scroll labelled PERUTTU WUYM.
   748 | D:2      | 748 ||| FLEEEEING.
   751 | D:2      | 751 ||| FLEEEEING.
   752 | D:2      | 752 ||| STAIRDANCE
   895 | D:1      | 895 ||| READING scroll labelled RIRUAH QUOMYD.
   896 | D:1      | 896 ||| READING 2 scrolls labelled KIOTAG XOIRON.
   900 | D:1      | 900 ||| DROPPING scroll of poison.
   974 | D:2      | 974 ||| STAIRDANCE
  1116 | D:2      | Reached XP level 4. HP: 24/26 MP: 5/5
  1142 | D:2      | Noticed Jessica
  1149 | D:2      | 1149 ||| FLEEEEING.
  1150 | D:2      | 1150 ||| FLEEEEING.
  1151 | D:2      | 1151 ||| FLEEEEING.
  1152 | D:2      | 1152 ||| FLEEEEING.
  1160 | D:2      | Killed Jessica
  1161 | D:2      | Reached skill level 4 in Ranged Weapons
  1300 | D:2      | Reached skill level 1 in Armour
  1309 | D:2      | Reached XP level 5. HP: 9/30 MP: 6/6
  1921 | D:2      | 1921 ||| UPGRADING to +2 robe of cold resistance.
  1931 | D:2      | 1931 ||| DROPPING +0 ring mail.
  1932 | D:2      | 1932 ||| READING scroll labelled BUMUSCHORRUAWO.
  1933 | D:2      | 1933 ||| READING scroll labelled ZUEFUA MULUGH.
  1992 | D:3      | Noticed a black bear
  2004 | D:3      | HP: 7/30 [black bear (9)]
  2005 | D:3      | 2005 ||| READING 3 scrolls of teleportation.
  2005 | D:3      | HP: 1/30 [black bear (4)]
  2005 | D:3      | Slain by a black bear

Levels and vault maps discovered:
D:1:      lemuel_arrival_hallway, layout_loops_ring, roderic_lattice_a
D:2:      layout_loops_ring, hellmonk_ecumenical_altar_watching_god,
          minmay_pentomino_o2, uniq_jessica
D:3:      layout_basic, nicolae_uskayaw_dance_hall, kennysheep_generic_room_14

Skill      XL: |  1  2  3  4 |
---------------+-------------+-----
Ranged Weapons | 3 4 |  4.7
Fighting       | 2 |  2.0
Armour         | 1 |  1.0
Dodging        | |  1.5
Spellcasting   | |  1.0
Hexes          | |  2.6

Action                     |  1- 3 |  4- 6 || total
---------------------------+-------+-------++-------
   Fire: Sling             |   108 |    67 ||   175
    Use: Scroll            |     3 |     3 ||     6
 Armour: Robe              |    12 |     8 ||    20
         Ring mail         |    25 |     7 ||    32
  Dodge: Dodged            |    38 |    25 ||    63

Table legend:
 A = Non-vault XP
 B = Vault XP
 C = Vault XP percentage of total XP
 D = Non-vault monster count
 E = Vault monster count
 F = Vault count percentage of total count
                 A         B        C        D         E       F
            +---------+---------+-------+---------+---------+-------
      Total |     140 |      42 |  23.1 |      41 |       2 |   4.7
            +---------+---------+-------+---------+---------+-------
        D:1 |      45 |       0 |   0.0 |      25 |       0 |   0.0
        D:2 |      95 |      42 |  30.7 |      16 |       2 |  11.1
            +---------+---------+-------+---------+---------+-------
